Map: Mech Depot LE

Players

Lambo

  • Race: Zerg Zerg
  • Spawn Location: 1:00

puCK (Nina) - Winner!

  • Race: Protoss Protoss
  • Spawn Location: 7:00

Event: WCS Montreal 2017

VOD

Have the link to the VOD?

Description

Time

  • Played on: Sept. 8, 2017, 6:54 p.m.
  • Length: 14:31

All games in this series

Show
View Real Time Build Order
Export as new Build Order

Lambo Zerg 

Build Orders: Hatch First 

Get SALT Encoding   

  12  0:00  Drone  
  13  0:13  Overlord  
  13  0:17  Drone  
  14  0:31  Drone x2  
  16  0:36  Drone  
  17  0:52  Hatchery  
  17  0:54  Drone  
  17  0:59  Drone  
  18  1:09  Extractor  
  17  1:15  Spawning Pool  
  17  1:17  Drone  
  17  1:20  Drone  
  18  1:28  Drone  
  19  1:40  Overlord  
  19  1:50  Drone  
  20  2:01  Queen  
  20  2:02  Zergling x2  
  20  2:03  Queen  
  20  2:04  Zergling x2  
  26  2:09  Metabolic Boost  
  26  2:11  Drone  
  26  2:14  Drone  
  28  2:22  Drone  
  29  2:25  Drone  
  30  2:38  Hatchery  
  29  2:47  Pneumatized Carapace, Drone  
  30  2:52  Drone  
  30  2:57  Overlord  
  31  3:00  Drone x2  
  31  3:03  Drone  
  34  3:11  Drone x2  
  36  3:17  Drone x3  
  36  3:19  Queen  
  41  3:22  Overlord  
  41  3:27  Drone  
  41  3:28  Drone x2  
  44  3:34  Evolution Chamber  
  44  3:35  Drone  
  44  3:44  Drone x2  
  46  3:49  Overlord, Drone x3  
  46  3:52  Overlord  
  49  4:01  Lair  
  49  4:02  Overlord  
  49  4:05  Queen, Extractor  
  51  4:13  Drone x5  
  51  4:16  Queen  
  56  4:19  Drone x3  
  56  4:21  Extractor  
  56  4:24  Baneling Nest  
  59  4:25  Overlord  
  59  4:28  Drone x2  
  61  4:32  Drone x3  
  61  4:36  Extractor  
  63  4:39  Extractor  
  63  4:40  Drone x2  
  63  4:44  Drone x3  
  67  4:48  Drone x3  
  67  4:49  Spine Crawler, Zergling x2  
  67  4:50  Zergling x2  
  71  4:57  Overlord  
  71  5:05  Zergling x10  
  71  5:06  Hydralisk Den  
  75  5:12  Zergling x4  
  75  5:14  Baneling x6  
  77  5:18  Zergling x2  
  77  5:19  Zergling x6  
  80  5:33  Drone x2  
  80  5:35  Hydralisk  
  81  5:36  Overlord x2  
  81  5:40  Overlord  
  81  5:45  Hydralisk x3  
  81  5:46  Hydralisk  
  88  5:51  Hydralisk  
  88  5:53  Overlord  
  88  5:54  Zergling x2, Hydralisk  
  88  5:55  Zergling x4  
  91  6:00  Overlord, Muscular Augments  
  91  6:02  Overlord  
  91  6:04  Overlord  
  91  6:06  Hydralisk  
  93  6:14  Hydralisk x2  
  93  6:15  Zergling x4  
  93  6:18  Hydralisk  
  91  6:19  Zergling x6  
  91  6:21  Overlord  
  95  6:35  Zerg Missile Weapons Level 1  
  95  6:37  Extractor  
  95  6:38  Drone x8  
  95  6:39  Extractor, Drone x2  
  103  6:48  Hatchery  
  103  6:49  Drone x3  
  103  6:50  Centrifical Hooks  
  103  6:52  Drone x3  
  108  7:01  Hydralisk x3  
  105  7:02  Zergling x4  
  107  7:10  Hatchery  
  107  7:12  Hydralisk  
  107  7:13  Hydralisk x2  
  112  7:21  Drone x4  
  112  7:22  Drone x2  
  118  7:28  Drone x3  
  121  7:31  Queen  
  123  7:39  Queen  
  123  7:40  Zergling x4  
  121  7:44  Overlord  
  121  7:47  Zergling x2  
  121  7:54  Zergling x4  
  121  7:55  Zergling x2  
  121  7:57  Overlord  
  122  8:00  Baneling x4  
  122  8:03  Hydralisk x4  
  122  8:04  Hydralisk x2  
  134  8:06  Baneling x2  
  134  8:07  Zergling x4  
  134  8:12  Overlord  
  136  8:14  Baneling x6  
  136  8:18  Overseer  
  135  8:25  Queen  
  135  8:26  Overlord, Hydralisk x5  
  135  8:27  Hydralisk  
  139  8:34  Hydralisk x3  
  147  8:35  Zergling x8  
  157  8:42  Overlord  
  157  8:43  Spine Crawler  
  157  8:45  Overlord  
  156  8:51  Overlord x2  
  156  8:52  Overlord  
  156  8:54  Overlord  
  156  8:56  Overlord  
  156  9:00  Overlord  
  156  9:03  Overlord  
  156  9:06  Zergling x2  
  156  9:07  Zergling x22  
  156  9:08  Baneling x5  
  168  9:14  Zergling x18  
  177  9:20  Infestation Pit  
  177  9:21  Baneling x6  
  177  9:22  Zergling x2  
  177  9:23  Zergling x6  
  180  9:27  Zergling x2  
  180  9:28  Zergling x2  
  182  9:36  Zergling x14  
  189  9:43  Overlord  
  189  9:46  Zergling x2  
  189  9:48  Hydralisk x4  
  189  9:49  Zergling x10  
  189  9:50  Hydralisk x2  
  189  9:52  Hydralisk  
  181  9:57  Hive  
  176  10:02  Spire  
  176  10:05  Hydralisk  
  176  10:06  Zergling x6  
  176  10:07  Zergling x2  
  181  10:08  Baneling  
  181  10:09  Baneling x7  
  181  10:12  Zergling x6  
  182  10:15  Zergling x8  
  182  10:20  Zergling x10  
  178  10:23  Zerg Melee Weapons Level 1  
  178  10:26  Evolution Chamber, Zergling x4  
  179  10:32  Zergling x8  
  179  10:33  Zergling x2  
  170  10:42  Zergling x2  
  170  10:43  Zergling x18  
  170  10:46  Overlord  
  170  10:47  Baneling  
  170  10:48  Baneling x4  
  179  10:52  Zergling x10  
  181  10:57  Zergling x2  
  181  10:58  Zergling x12  
  181  11:03  Hydralisk x3  
  181  11:04  Zergling x4  
  168  11:12  Hydralisk x4  
  168  11:14  Greater Spire  
  168  11:16  Zerg Missile Weapons Level 2  
  172  11:19  Baneling x5  
  172  11:20  Baneling  
  172  11:22  Zergling x4  
  169  11:27  Zergling x2, Hydralisk  
  169  11:28  Zergling x8  
  152  11:33  Zergling x6  
  152  11:34  Zergling x2  
  152  11:37  Hydralisk x3  
  146  11:41  Zergling x6  
  146  11:47  Baneling x7  
  146  11:51  Zergling x6  
  146  11:52  Zergling x8  
  153  11:58  Extractor  
  153  11:59  Extractor  
  153  12:01  Corruptor x2  
  151  12:05  Corruptor  
  156  12:10  Corruptor  
  158  12:16  Hatchery  
  158  12:17  Drone x2  
  158  12:21  Corruptor  
  151  12:39  Brood Lord x2  
  151  12:40  Zergling x10  
  151  12:44  Overlord  
  159  12:48  Brood Lord  
  159  13:00  Brood Lord x2  
  159  13:02  Zergling x12  
  169  13:09  Corruptor  
  168  13:17  Baneling x2  
  168  13:18  Corruptor x2  
  168  13:20  Zergling x4  
  168  13:21  Zergling x4  
  166  13:32  Zergling x2  
  166  13:33  Zergling x4  
  154  13:37  Hydralisk x5  
  151  13:46  Brood Lord  
  151  13:49  Queen  
  151  13:53  Extractor x2  
  151  13:58  Brood Lord  
  151  13:59  Zergling x10  
Show
View Real Time Build Order
Export as new Build Order

puCK Protoss - Winner!

Build Orders: 1 Gate Expand, Archon Immortal, Zealot Archon, Archon Drop 

Get SALT Encoding   

  12  0:01  Probe (Chrono Boost)  
  13  0:11  Probe (Chrono Boost)  
  14  0:20  Pylon  
  14  0:22  Probe (Chrono Boost)  
  15  0:39  Probe (Chrono Boost), Gateway  
  16  0:47  Assimilator  
  16  0:49  Probe (Chrono Boost)  
  17  1:00  Probe (Chrono Boost)  
  18  1:10  Probe (Chrono Boost)  
  19  1:24  Nexus  
  20  1:25  Probe (Chrono Boost)  
  20  1:36  Cybernetics Core  
  20  1:40  Probe (Chrono Boost)  
  21  1:49  Assimilator  
  21  1:50  Probe (Chrono Boost)  
  22  1:56  Pylon  
  23  2:01  Probe (Chrono Boost)  
  23  2:14  Probe (Chrono Boost), Warp Gate, Adept (Chrono Boost)  
  26  2:27  Mothership Core (Chrono Boost)  
  28  2:35  Probe  
  28  2:40  Twilight Council  
  28  2:47  Probe (Chrono Boost)  
  28  2:48  Probe (Chrono Boost)  
  28  2:49  Stalker  
  32  2:57  Probe (Chrono Boost)  
  33  2:58  Probe (Chrono Boost)  
  34  3:08  Probe (Chrono Boost)  
  34  3:09  Probe (Chrono Boost), Robotics Facility  
  36  3:18  Probe (Chrono Boost), Charge (Chrono Boost)  
  36  3:19  Probe (Chrono Boost)  
  38  3:27  Probe  
  38  3:30  Probe  
  40  3:38  Probe  
  40  3:40  Pylon  
  41  3:42  Probe  
  42  3:48  Probe  
  42  3:52  Gateway  
  42  3:54  Probe  
  42  3:55  Gateway  
  44  3:57  Gateway  
  44  4:00  Warp Prism (Chrono Boost)  
  44  4:02  Probe  
  47  4:07  Probe  
  48  4:11  Assimilator  
  48  4:13  Assimilator  
  48  4:14  Probe  
  49  4:18  Pylon  
  49  4:19  Probe  
  50  4:26  Probe  
  50  4:31  Probe  
  52  4:32  Warp Prism (Chrono Boost)  
  54  4:39  Probe  
  54  4:44  Pylon  
  55  4:46  Templar Archives  
  56  4:56  Zealot x3  
  61  5:00  Probe, Pylon  
  62  5:09  Nexus  
  62  5:10  Probe  
  62  5:13  Probe  
  64  5:15  Observer (Chrono Boost)  
  64  5:17  Pylon  
  64  5:20  Pylon  
  65  5:30  High Templar x4  
  65  5:32  Gateway  
  65  5:33  Gateway  
  65  5:34  Archon x2  
  67  5:40  Gateway  
  67  5:43  Probe  
  67  5:44  Probe  
  69  6:00  Probe  
  69  6:02  Zealot, Gateway  
  69  6:03  Zealot x3  
  78  6:04  Forge  
  78  6:14  Probe  
  71  6:20  Probe x2, Psionic Storm  
  73  6:26  Probe  
  73  6:31  Assimilator  
  75  6:33  Zealot x2  
  75  6:34  Zealot x2  
  75  6:35  Probe  
  75  6:36  Assimilator  
  75  6:37  Probe  
  84  6:40  Zealot  
  84  6:43  Zealot  
  84  6:45  Protoss Ground Weapons Level 1  
  88  6:47  Zealot  
  88  6:49  Probe  
  91  6:56  Probe  
  92  7:04  Probe x2  
  92  7:07  Immortal (Chrono Boost)  
  92  7:08  Probe, High Templar x3  
  85  7:09  High Templar  
  85  7:11  Zealot x2  
  85  7:12  Zealot  
  85  7:13  Archon x2  
  85  7:14  Probe  
  99  7:16  Probe  
  99  7:20  Pylon  
  99  7:21  Pylon  
  101  7:23  Probe  
  102  7:32  Zealot x3  
  108  7:46  Probe  
  107  7:52  Zealot x4  
  107  7:53  Probe, Zealot x3  
  107  7:54  Probe  
  107  7:57  Immortal (Chrono Boost)  
  117  8:00  Probe  
  117  8:04  Probe  
  118  8:11  Pylon  
  118  8:12  Pylon  
  119  8:13  Pylon  
  119  8:15  Pylon  
  119  8:16  High Templar x3  
  125  8:21  Pylon  
  125  8:22  Pylon  
  125  8:24  Pylon  
  125  8:32  High Templar  
  125  8:33  High Templar x4  
  134  8:38  Nexus  
  134  8:41  Archon, Pylon  
  134  8:42  Archon  
  134  8:43  Photon Cannon, Pylon  
  134  8:47  Photon Cannon  
  134  8:48  Immortal (Chrono Boost)  
  138  8:51  High Templar  
  138  8:52  High Templar  
  142  8:57  Pylon  
  142  8:59  High Templar  
  134  9:10  Pylon  
  134  9:12  High Templar, Pylon  
  134  9:20  Pylon  
  134  9:21  Robotics Facility, Pylon  
  134  9:22  Photon Cannon, Immortal (Chrono Boost)  
  138  9:40  Zealot x6  
  120  9:55  Zealot x2  
  120  9:56  Archon x2  
  120  9:59  Immortal (Chrono Boost)  
  124  10:04  Zealot x3  
  124  10:05  Zealot  
  124  10:06  High Templar x2  
  136  10:16  Archon  
  136  10:18  High Templar  
  136  10:19  High Templar  
  140  10:25  Zealot x3  
  140  10:26  Zealot  
  148  10:31  Assimilator  
  148  10:33  Assimilator, Immortal (Chrono Boost)  
  148  10:44  Zealot x2  
  148  10:48  High Templar x2  
  160  10:50  Immortal (Chrono Boost)  
  160  10:51  Zealot  
  160  10:52  Zealot  
  131  11:14  Zealot  
  131  11:15  Zealot x5  
  131  11:17  Immortal (Chrono Boost)  
  145  11:22  Photon Cannon  
  145  11:25  Photon Cannon  
  145  11:27  Photon Cannon, Archon  
  145  11:28  Zealot x2  
  145  11:30  Immortal (Chrono Boost)  
  139  11:37  Zealot x6  
  137  11:51  Immortal (Chrono Boost)  
  137  11:52  High Templar x2  
  145  11:54  Mothership Core  
  145  12:00  Photon Cannon  
  147  12:02  High Templar x3, Photon Cannon  
  147  12:04  Zealot  
  147  12:05  Zealot  
  147  12:07  Archon  
  159  12:09  Immortal (Chrono Boost)  
  159  12:12  Zealot  
  161  12:26  Immortal (Chrono Boost)  
  165  12:31  High Templar x2  
  165  12:32  High Templar x2  
  169  12:37  Archon x2  
  169  12:40  Zealot x2  
  169  12:41  Zealot x2  
  181  12:48  Immortal (Chrono Boost)  
  181  13:00  Immortal (Chrono Boost)  
  177  13:14  Zealot x4  
  177  13:16  High Templar x4  
  193  13:20  Archon x2  
  193  13:25  Observer (Chrono Boost)  
  181  13:34  Immortal (Chrono Boost)  
  167  13:41  Stalker  
  167  13:42  Stalker x3  
  175  13:49  Stargate, Immortal (Chrono Boost)  
  175  13:57  High Templar x2  
  175  14:00  Zealot x2  
  183  14:05  Zealot x4  
  173  14:27  Zealot x2  
  173  14:28  Zealot x4  
Tags
 
Add a new tag
Caveats
  • Supply blocks, unpowered buildings, or Contaminate may cause inaccurate times.
  • Supply counts are checked every 10 seconds.